 Seeded DCSS version 0.30.1-4-g462c640d31 (webtiles) character file.

Game seed: 6351066067085065685 (custom seed)

112784 Esekla the Eclecticist (level 16, -4/99 HPs)
             Began as a Deep Elf Necromancer on Aug 20, 2023.
             Was a High Priest of Vehumet.
             Slain by an emperor scorpion (21 damage)
             ... on level 4 of the Spider Nest.
             The game lasted 03:37:24 (26747 turns).

Esekla the Eclecticist (Deep Elf Necromancer)      Turns: 26747, Time: 03:37:24

Health: -4/99      AC: 16    Str:  7 (8)  XL:     16   Next: 12%
Magic:  17/41      EV: 14    Int: 32      God:    Vehumet [*****.]
Gold:   997        SH:  4    Dex: 10 (13) Spells: 4/54 levels left

rFire   + . .        a - +3 Elemental Staff {rElec rF+ rC+ AC+3}
rCold   + . .        H - +0 buckler
rNeg    . . .        W - +0 troll leather armour
rPois   .            V - +2 helmet {Int+3}
rElec   +            i - +1 cloak
rCorr   .            l - +0 pair of gloves
SInv    +            T - +1 pair of boots of Piysunuo {Str+3}
Will    +....        w - amulet of magic regeneration
Stlth   +++          R - ring of the Mage {Wiz Archmagi}
HPRegen 1.16/turn    M - ring of see invisible
MPRegen 0.67/turn

%: wizardry (x1), archmagi
@: on berserk cooldown, freezing walls, slowed, studying Fighting, very slow
A: clumsy 1
a: Renounce Religion


You were on level 4 of the Spider Nest.
You worshipped Vehumet.
Vehumet was extremely pleased with you.
You visited 5 branches of the dungeon, and saw 24 of its levels.
You also visited: Trove and Bailey.

You collected 4989 gold pieces.
You spent 3992 gold pieces at shops.

Inventory:

Hand Weapons
 a - the +3 Elemental Staff (weapon) {rElec rF+ rC+ AC+3}
   (You acquired it on level 3 of the Lair of Beasts)

   It enhances your fire, ice, earth and air magic.
   AC:        It affects your AC (+3).
   rF:        It protects you from fire.
   rC:        It protects you from cold.
   rElec:     It insulates you from electricity.
 c - a +6 scimitar
 f - a +4 scimitar of flaming
 r - a +4 trident of venom
 s - the +8 arc blade {discharge, rElec}
   (You bought it in a shop on level 4 of the Dungeon)

   rElec:     It insulates you from electricity.
 Z - a +2 demon blade of electrocution
Missiles
 u - 63 poisoned darts
 J - 13 boomerangs (quivered)
 L - 5 curare-tipped darts
Armour
 i - a +1 cloak (worn)
 l - a +0 pair of gloves (worn)
 H - a +0 buckler (worn)
 T - the +1 pair of boots of Piysunuo (worn) {Str+3}
   (You found it on level 1 of the Spider Nest)

   Str:       It affects your strength (+3).
 U - a +2 robe of cold resistance
 V - a +2 helmet of intelligence (worn)
 W - a +0 troll leather armour (worn)
Jewellery
 j - the ring of Akemeir {Fire Str+4}
   (You found it in a treasure trove)

   [ring of fire]

   It enhances your fire magic.
   Str:       It affects your strength (+4).
   rF:        It protects you from fire.
   rC:        It makes you vulnerable to cold.
 n - the ring of Descent {rPois rC+ Int+5 Stlth-}
   (You found it in a treasure trove)

   [ring of protection from cold]

   Int:       It affects your intelligence (+5).
   rC:        It protects you from cold.
   rPois:     It protects you from poison.
   Stlth:     It makes you less stealthy.
 w - an amulet of magic regeneration (around neck)
 A - an amulet of reflection
 M - a ring of see invisible (right hand)
 P - a ring of ice
 R - the ring of the Mage (left hand) {Wiz Archmagi}
   (You bought it in a shop on level 2 of the Dungeon)

   [ring of wizardry]

   It improves your spell success rate.
   Archmagi:  It increases the power of your magical spells.
 X - the ring of Greed {rElec rPois rN+ AC+4 Str-2}
   (You bought it in a shop on level 2 of the Dungeon)

   [ring of protection]

   AC:        It affects your AC (+4).
   Str:       It affects your strength (-2).
   rElec:     It insulates you from electricity.
   rPois:     It protects you from poison.
   rN:        It protects you from negative energy.
Wands
 h - a wand of roots (36)
 o - a wand of mindburst (5)
 C - a wand of flame (33)
 E - a wand of quicksilver (2)
 Q - a wand of digging (16)
Scrolls
 t - 2 scrolls of poison
 v - 3 scrolls of fog
 y - 2 scrolls of magic mapping
 z - 2 scrolls of silence
 B - 4 scrolls of enchant weapon
 F - a scroll of blinking
 G - 8 scrolls of teleportation
 K - a scroll of identify
 N - a scroll of fear
Potions
 b - 3 potions of magic
 d - 3 potions of ambrosia
 e - 9 potions of attraction
 g - 11 potions of haste
 k - 6 potions of curing
 p - 3 potions of flight
 q - 6 potions of brilliance
 x - 3 potions of lignification
 D - a potion of cancellation
 I - 2 potions of resistance
 O - 2 potions of might
 S - 3 potions of heal wounds
 Y - a potion of berserk rage {unknown}


   Skills:
 * Level 10.6 Fighting
 + Level 4.0(4.5) Short Blades
 + Level 2.4(3.4) Long Blades
 * Level 3.0 Staves
 + Level 2.4 Throwing
 + Level 4.5 Armour
 * Level 11.7 Dodging
 + Level 7.2 Stealth
 - Level 3.1 Shields
 * Level 19.5 Spellcasting
 + Level 6.6 Conjurations
 + Level 10.2 Necromancy
 + Level 6.3 Translocations
 + Level 4.4 Transmutations
 + Level 7.0 Fire Magic
 + Level 7.3 Ice Magic
 + Level 7.1 Air Magic
 * Level 7.1 Earth Magic
 + Level 7.2 Poison Magic
 + Level 1.5 Evocations


You had 4 spell levels left.
You knew the following spells:

 Your Spells              Type           Power      Damage    Failure   Level
a - Magic Dart            Conj           100%       1d8       1%          1
c - Mephitic Cloud        Conj/Pois/Air  100%       N/A       1%          3
d - Vampiric Draining     Necr           98%        2d13      1%          3
e - Searing Ray           Conj           100%       2d8       1%          2
f - Fireball              Conj/Fire      53%        3d21      1%          5
h - Vhi's Electric Charg  Tloc/Air       100%       N/A       1%          3
l - Lee's Rapid Deconstr  Erth           54%        3d25*     1%          5
n - Ignite Poison         Fire/Tmut/Pois 100%       N/A       1%          3
r - Frozen Ramparts       Ice            100%       1d16      1%          3
s - Static Discharge      Conj/Air       100%       2-7/arc   1%          2
t - Teleport Other        Tloc           82%        N/A       1%          3
v - Poisonous Vapours     Pois/Air       100%       N/A       1%          2
w - Wereblood             Tmut           74%        N/A       1%          2
x - Olgreb's Toxic Radia  Pois           86%        N/A       1%          4
y - Sticky Flame          Conj/Fire      100%       2d11      1%          4
z - Freezing Cloud        Conj/Ice/Air   65%        6-21      1%          5

Your spell library contained the following spells:

 Spells                   Type           Power      Damage    Failure   Level
 Foxfire                  Conj/Fire      100%       2x1d9     1%          1
 Necrotise                Necr           100%       1d9       1%          1
 Sting                    Tmut/Pois      100%       1d8       1%          1
 Lesser Beckoning         Tloc           100%       N/A       1%          2
 Sublimation of Blood     Necr           98%        N/A       1%          2
 Gell's Gravitas          Tloc           82%        N/A       1%          3
 Hailstorm                Conj/Ice       100%       3d20      1%          3
 Portal Projectile        Hex/Tloc       100%       N/A       1%          3
 Spider Form              Tmut/Pois      80%        N/A       1%          3
 Animate Dead             Necr           98%        N/A       1%          4
 Manifold Assault         Tloc           82%        N/A       1%          4
 Passage of Golubria      Tloc           82%        N/A       1%          4
 Summon Ice Beast         Ice/Summ       89%        N/A       2%          4
 Cause Fear               Hex            23%        N/A       11%         4
 Agony                    Necr           98%        N/A       1%          5
 Arcjolt                  Conj/Air       53%        1d63      1%          5
 Iskenderun's Battlesphe  Conj           84%        2d13      1%          5
 Plasma Beam              Fire/Air       65%        2x1d89    2%          6
 Iron Shot                Conj/Erth      53%        9d10      3%          6
 Starburst                Conj/Fire      53%        6d14      3%          6
 Silence                  Hex/Air        44%        N/A       7%          5
 Dispersal                Tloc           41%        N/A       12%         6
 Summon Mana Viper        Hex/Summ       46%        N/A       28%         5
 Maxwell's Capacitive Co  Air            53%        ∞         61%         8
 Ignition                 Fire           53%        3d15      63%         8
 Lehudib's Crystal Spear  Conj/Erth      53%        10d12     63%         8
 Disjunction              Tloc           41%        N/A       99%         8
 Summon Hydra             Summ           23%        N/A       100%        7


Dungeon Overview and Level Annotations

Branches:
Dungeon (12/15)            Temple (1/1) D:6            Lair (5/5) D:11
 Shoals (0/4) Lair:2       Spider (4/4) Lair:3        Slime (0/5) Lair:5
    Orc (2/2) D:10            Elf (0/3) Orc:2        Bailey (visited)

Altars:
Cheibriados
Dithmenos
Fedhas
Hepliaklqana
Nemelex Xobeh
Okawaru
Qazlal
Ru
Trog
Uskayaw
Vehumet
Xom
Zin
The Shining One
Jiyva

Shops:
D:2 =   D:4 (   D:11 *   Orc:2 **[:

Portals:
Pandemonium: Orc:2


Innate Abilities, Weirdness & Mutations

You are clumsy. (Dex -2)


Message History

The wall freezes the emperor scorpion but does no damage.
The emperor scorpion stings you!
* * * LOW HITPOINT WARNING * * *
The emperor scorpion barely misses you.
You block the emperor scorpion's attack.
The wall freezes the emperor scorpion but does no damage.
The emperor scorpion stings you.
* * * LOW HITPOINT WARNING * * *
You are lethally poisoned!
The emperor scorpion poisons you!
The emperor scorpion claws you but does no damage.
The emperor scorpion closely misses you.
You feel better.
The emperor scorpion burns!
The emperor scorpion stops burning.
The wall freezes the emperor scorpion but does no damage.
The emperor scorpion stings you but does no damage.
The emperor scorpion claws you but does no damage. x2
The wall freezes the emperor scorpion but does no damage.
The emperor scorpion stings you but does no damage.
The emperor scorpion claws you but does no damage.
The emperor scorpion closely misses you.
Casting: Frozen Ramparts (safe; 1% risk of failure)
Confirm with . or Enter, or press ? or * to list all spells.
Aiming: Sticky Flame (safe; 1% risk of failure)
Press: ? - help, Shift-Dir - straight line, f - emperor scorpion
Aim: an emperor scorpion (moderately wounded)
You feel a strong surge of power!
The sticky flame hits the emperor scorpion!
The emperor scorpion is heavily wounded.
The emperor scorpion is covered in liquid flames!
The tarantella's many legs skitter faintly.
The emperor scorpion burns! x2
The wall freezes the emperor scorpion but does no damage.
The emperor scorpion stings you!!
* * * LOW HITPOINT WARNING * * *
The emperor scorpion barely misses you.
The emperor scorpion claws you but does no damage.
The wall freezes the emperor scorpion but does no damage.
The emperor scorpion stings you!!
You die...

########.....# .###^[....###
#.^#.?^......# ####~..####
#^.........^# ##~...#
#...#.......# #.~...#
###...###....### #....≈##
#^#...#..###..~###^...≈≈####
##.#...s........~###....≈≈≈≈###
#..##.....^..#≈..####^.......~.
#....###.....#@s..#....#.~.(...
#^.....#######s......~.####~~##
#.........^......~...### ####
###............#....###########
#^###..###..^###....###.....#..
#.....##.....#..^.#.^...#...#..
#....##..^..#####........#....#
#^..##.##.#§......######.#....#
#.#^#..#.##^.........^.#.......


You could see an emperor scorpion (burning) and a tarantella.

Vanquished Creatures
  Mara (Spider:4)
  Rupert (Lair:4)
  6 emperor scorpions
  2 ghost moths
  2 orc warlords
  A broodmother (Spider:3)
  Azrael (Orc:2)
  2 spark wasps
  2 fire dragons (Lair:5)
  5 entropy weavers
  Harold (D:9)
  3 boulder beetles
  A demonspawn (Orc:2)
  3 hydras
  3 radroaches
  A catoblepas (Lair:5)
  3 jorogumos
  3 two-headed ogres
  2 orc high priests (Orc:2)
  2 pharaoh ants
  A sun moth (Spider:1)
  Lodul (D:11)
  A skyshark (Lair:4)
  9 orb spiders
  Pikel (D:6)
  A swamp dragon (Lair:5)
  3 steelbarb worms
  2 lindwurms (Lair:5)
  An oklob plant (Lair:5)
  An ugly thing (D:12)
  8 orc knights
  8 wolf spiders
  7 cyclopes
  9 orc sorcerers (Orc:2)
  9 elephants (Lair:5)
  2 moths of wrath (Spider:1)
  Joseph (D:7)
  A merfolk siren (Lair:2)
  2 black mambas
  7 torpor snails
  A smoke demon (Orc:2)
  2 gargoyles
  3 demonic crawlers
  11 cane toads
  Psyche (D:11)
  3 rime drakes
  A kobold demonologist (D:9)
  15 komodo dragons
  A red devil (Orc:2)
  2 merfolk (Lair:2)
  A polar bear (D:11)
  7 trolls
  12 hornets
  8 tarantellas
  3 tyrant leeches (Lair:5)
  5 blink frogs (Lair:1)
  4 centaur simulacra (D:11)
  11 jumping spiders
  12 spriggans (Lair:3)
  A vampire (D:12)
  7 culicivoras
  A wraith (D:12)
  33 yaks
  5 basilisks
  A chaos spawn (Orc:2)
  3 fire elementals (Orc:2)
  3 steam dragons
  5 wyverns
  27 redbacks
  Menkaure (D:7)
  3 wargs
  4 hell hounds (Orc:2)
  2 acid dragons (Lair:5)
  6 ice beasts
  14 water moccasins
  2 swamp drakes (Lair:5)
  A sky beast (D:6)
  43 orc warriors
  2 black bears
  17 ogres
  2 centaurs
  12 wolves
  3 boggarts (Lair:3)
  A phantom (D:7)
  4 lemures (D:6)
  Blork the orc (D:6)
  4 kobold brigands
  4 gnoll sergeants
  An earth elemental (D:11)
  10 bullfrogs
  3 scorpions
  10 wights
  20 killer bees
  2 howler monkeys (D:10)
  An electric eel (D:11)
  2 quasits (D:8)
  3 gnoll boudas
  6 hounds
  A jelly (D:6)
  Crazy Yiuf (D:7)
  32 orc priests
  A sleepcap (D:5)
  7 iguanas
  14 orc wizards
  12 hell rats
  34 gnolls
  9 adders
  3 shadow imps (D:8)
  9 white imps
  4 ufetubi
  A worm (D:4)
  3 dart slugs
  95 orcs
  4 endoplasms
  9 goblins
  7 hobgoblins
  A quokka (D:1)
  6 ball pythons
  4 bats
  4 frilled lizards
  21 kobolds
  A rat (D:2)
776 creatures vanquished.

Vanquished Creatures (others)
  An orc high priest (Orc:2)
  An ogre (Orc:1)
2 creatures vanquished.

Grand Total: 778 creatures vanquished

Notes
Turn   | Place    | Note
-------+----------+-------------------------------------------
     0 | D:1      | Esekla the Deep Elf Necromancer began the quest for the
                  | Orb.
     0 | D:1      | Reached XP level 1. HP: 10/10 MP: 6/6
   335 | D:2      | Found Renulab's Jewellery Shop.
   475 | D:4      | Found an iron altar of Okawaru.
   486 | D:4      | Found a glowing silver altar of Zin.
   555 | D:4      | Found a radiant altar of Vehumet.
   559 | D:4      | Became a worshipper of Vehumet
   703 | D:3      | Reached skill level 5 in Necromancy
   811 | D:3      | Reached XP level 2. HP: 10/15 MP: 8/8
  1049 | D:3      | Identified the +5 rapier of the Hero {heavy, rN+ Dex+3}
  1212 | D:1      | Reached XP level 3. HP: 19/19 MP: 9/9
  1216 | D:1      | Learned a level 3 spell: Vampiric Draining
  1288 | D:1      | Reached * piety under Vehumet
  1288 | D:1      | Offered knowledge of Magic Dart by Vehumet.
  1291 | D:1      | Learned a level 1 spell: Magic Dart
  1663 | D:1      | Reached skill level 1 in Short Blades
  1755 | D:2      | Noticed a black bear
  1822 | D:2      | Reached XP level 4. HP: 24/24 MP: 11/11
  1842 | D:3      | Found a stormy altar of Qazlal.
  1845 | D:3      | Found a hazy altar of Hepliaklqana.
  1845 | D:3      | Found a bloodstained altar of Trog.
  2081 | D:3      | Offered knowledge of Searing Ray by Vehumet.
  2082 | D:3      | Reached skill level 1 in Conjurations
  2200 | D:2      | Reached skill level 4 in Spellcasting
  2205 | D:2      | Reached ** piety under Vehumet
  2206 | D:2      | Reached XP level 5. HP: 25/28 MP: 9/13
  2209 | D:2      | Learned a level 2 spell: Searing Ray
  2258 | D:2      | Killed a black bear
  2391 | D:2      | Found a faded altar of an unknown god.
  2627 | D:4      | Found a glowing golden altar of the Shining One.
  2670 | D:4      | Reached XP level 6. HP: 30/32 MP: 8/15
  2720 | D:5      | Entered Level 5 of the Dungeon
  2787 | D:5      | Found a shadowy altar of Dithmenos.
  2819 | D:5      | Got the Parchment of the Lumpy Olives
  2991 | D:3      | Reached skill level 5 in Spellcasting
  3039 | D:4      | Found Ponaysk's Antique Weapon Boutique.
  3303 | D:6      | Noticed an ice beast
  3376 | D:4      | Offered knowledge of Static Discharge by Vehumet.
  3384 | D:4      | Learned a level 2 spell: Static Discharge
  3563 | D:5      | Reached XP level 7. HP: 36/36 MP: 16/16
  3834 | D:6      | Reached skill level 1 in Throwing
  4195 | D:7      | Found a runed translucent door.
  4196 | D:7      | Noticed Crazy Yiuf
  4203 | D:7      | Killed Crazy Yiuf
  4479 | D:5      | Learned a level 3 spell: Teleport Other
  4534 | D:5      | Reached skill level 6 in Spellcasting
  4553 | D:5      | Reached *** piety under Vehumet
  4554 | D:5      | Reached skill level 5 in Dodging
  4593 | D:6      | Noticed Blork the orc
  4608 | D:6      | Killed Blork the orc
  4609 | D:6      | Reached XP level 8. HP: 40/41 MP: 11/19
  4801 | D:6      | Reached skill level 5 in Stealth
  4801 | D:6      | Reached skill level 1 in Translocations
  4807 | D:6      | Found a staircase to the Ecumenical Temple.
  4951 | Temple   | Entered the Ecumenical Temple
  5018 | D:6      | Found a blossoming altar of Fedhas.
  5024 | D:6      | Reached skill level 7 in Spellcasting
  5300 | D:7      | Noticed Menkaure
  5309 | D:7      | Killed Menkaure
  5477 | D:7      | Offered knowledge of Frozen Ramparts by Vehumet.
  5478 | D:7      | Reached skill level 8 in Spellcasting
  5482 | D:7      | Learned a level 3 spell: Frozen Ramparts
  5656 | D:7      | Noticed Joseph
  5670 | D:7      | Reached XP level 9. HP: 43/45 MP: 20/23
  5786 | D:7      | Reached skill level 1 in Ice Magic
  5908 | D:7      | Killed Joseph
  5958 | D:7      | Reached skill level 9 in Spellcasting
  6028 | D:8      | Reached skill level 1 in Shields
  6031 | D:8      | Reached **** piety under Vehumet
  6350 | D:8      | Offered knowledge of Freezing Cloud by Vehumet.
  6365 | D:7      | Learned a level 5 spell: Freezing Cloud
  6418 | D:8      | Reached skill level 1 in Evocations
  6795 | D:8      | Noticed a two-headed ogre
  7024 | D:8      | Reached skill level 1 in Air Magic
  7127 | D:8      | Killed a two-headed ogre
  7128 | D:8      | Reached skill level 10 in Spellcasting
  7189 | D:8      | Reached XP level 10. HP: 50/50 MP: 24/26
  7296 | D:8      | Found a transporter.
  7297 | D:8      | Found a transporter.
  7298 | D:8      | Found a transporter.
  7305 | D:8      | Found a transporter.
  7314 | D:8      | Found a hide-covered altar of Uskayaw.
  7784 | D:9      | Found a flagged portal.
  7815 | Bailey   | Entered a bailey
  7877 | Bailey   | Reached ***** piety under Vehumet
  7933 | Bailey   | Offered knowledge of Spellforged Servitor by Vehumet.
  7949 | Bailey   | Identified the +2 bardiche of Puhoisos {heavy, rElec
                  | Stlth+}
  8107 | Bailey   | Noticed an orc knight
  8107 | Bailey   | Noticed an orc knight
  8127 | Bailey   | Reached skill level 11 in Spellcasting
  8376 | Bailey   | Killed an orc knight
  8499 | Bailey   | Killed an orc knight
  8500 | Bailey   | Reached skill level 1 in Fighting
  8912 | D:9      | Found a sparkling altar of Nemelex Xobeh.
  8965 | D:9      | Noticed a two-headed ogre
  8978 | D:9      | Killed a two-headed ogre
  8979 | D:9      | Reached skill level 1 in Long Blades
  9106 | D:9      | Noticed a cyclops
  9114 | D:9      | Killed a cyclops
  9124 | D:9      | Noticed a cyclops
  9244 | D:9      | Reached XP level 11. HP: 60/60 MP: 28/28
  9545 | D:9      | Noticed Harold
  9640 | D:10     | Entered Level 10 of the Dungeon
  9657 | D:10     | Reached skill level 12 in Spellcasting
 10286 | D:10     | Found a sacrificial altar of Ru.
 10527 | D:10     | Found a staircase to the Orcish Mines.
 10555 | Orc:1    | Entered Level 1 of the Orcish Mines
 10556 | Orc:1    | Noticed an orc knight
 10809 | D:11     | Reached skill level 5 in Conjurations
 10849 | D:11     | Reached skill level 5 in Translocations
 10952 | D:11     | Reached skill level 5 in Ice Magic
 11111 | D:11     | Got Simple Magic
 11171 | D:11     | Noticed Lodul
 11181 | D:11     | Killed Lodul
 11199 | D:11     | Reached skill level 13 in Spellcasting
 11268 | D:11     | Found Fagafuf's Pet Rocks.
 11418 | D:2      | Bought the ring of the Mage {Wiz Archmagi} for 714 gold
                  | pieces
 11418 | D:2      | Found the ring of the Mage {Wiz Archmagi}
 11660 | D:11     | Reached skill level 5 in Fighting
 11747 | D:11     | Reached XP level 12. HP: 42/68 MP: 28/31
 11837 | D:11     | Found a staircase to the Lair.
 11895 | D:12     | Learned a level 2 spell: Wereblood
 12190 | D:12     | Learned a level 3 spell: Mephitic Cloud
 12193 | D:12     | Learned a level 2 spell: Poisonous Vapours
 12362 | D:12     | Found a portal to a secret trove of treasure.
 12401 | D:12     | Reached skill level 14 in Spellcasting
 12512 | D:12     | Reached skill level 1 in Poison Magic
 12557 | D:12     | Learned a level 5 spell: Fireball
 12836 | D:11     | Noticed Psyche
 12839 | D:11     | Noticed a two-headed ogre
 12853 | D:11     | Killed a two-headed ogre
 12854 | D:11     | Reached skill level 1 in Transmutations
 12856 | D:11     | Killed Psyche
 12857 | D:11     | Reached skill level 5 in Air Magic
 13048 | D:11     | Reached skill level 1 in Fire Magic
 13492 | Lair:1   | Entered Level 1 of the Lair of Beasts
 13835 | Lair:1   | Offered knowledge of Lee's Rapid Deconstruction by Vehumet.
 13875 | Lair:1   | Learned a level 5 spell: Lee's Rapid Deconstruction
 14615 | Lair:2   | You fall into a shaft and drop 2 floors!
 14956 | Lair:2   | Reached skill level 1 in Earth Magic
 15343 | Lair:2   | Found a transporter.
 15345 | Lair:2   | Found a transporter.
 15345 | Lair:2   | Noticed a boulder beetle
 15347 | Lair:2   | Noticed a boulder beetle
 15364 | Lair:2   | Killed a boulder beetle
 15366 | Lair:2   | Killed a boulder beetle
 15367 | Lair:2   | Reached skill level 15 in Spellcasting
 15367 | Lair:2   | Reached XP level 13. HP: 76/76 MP: 34/34
 15516 | Lair:2   | Found a staircase to the Shoals.
 15805 | Lair:3   | Identified the +3 leather armour of Okawaru's Inspiration
                  | {Str+4}
 15828 | Lair:3   | Found a hole to the Spider Nest.
 16648 | Spider:1 | Entered Level 1 of the Spider Nest
 16681 | Spider:1 | Identified the +1 pair of boots of Piysunuo {Str+3}
 16856 | Lair:4   | Learned a level 3 spell: Ignite Poison
 17240 | Lair:4   | Learned a level 4 spell: Sticky Flame
 17639 | Trove    | Entered a treasure trove
 17648 | Trove    | Identified the ring of Akemeir {Fire Str+4}
 17659 | Trove    | Identified the ring of Descent {rPois rC+ Int+5 Stlth-}
 17676 | Trove    | Identified the +3 ring mail "Poady" {+Inv rF+ Dex+2 Slay-4}
 17895 | Lair:4   | Reached skill level 16 in Spellcasting
 18095 | Lair:4   | Noticed Rupert
 18104 | Lair:4   | Killed Rupert
 18557 | Orc:2    | Entered Level 2 of the Orcish Mines
 19013 | Lair:5   | Entered Level 5 of the Lair of Beasts
 19226 | Lair:5   | Reached skill level 5 in Fire Magic
 19228 | Lair:5   | Reached skill level 1 in Armour
 19246 | Lair:5   | Reached XP level 14. HP: 65/82 MP: 5/36
 19296 | Lair:5   | Reached skill level 5 in Poison Magic
 19521 | Lair:5   | Found a runed translucent door.
 19597 | Lair:5   | Paralysed by a hornet for 1 turns
 19605 | Lair:5   | Reached skill level 10 in Dodging
 19609 | Lair:5   | Reached skill level 5 in Earth Magic
 19751 | Lair:5   | Found a viscous altar of Jiyva.
 19751 | Lair:5   | Found a staircase to the Slime Pits.
 20025 | Lair:5   | Reached skill level 17 in Spellcasting
 20421 | Lair:5   | Got Utragud's Papyrus of the Inquisitive Olives
 20937 | D:4      | Bought the +8 arc blade {discharge, rElec} for 1740 gold
                  | pieces
 20937 | D:4      | Found the +8 arc blade {discharge, rElec}
 21024 | D:6      | Noticed Pikel
 21032 | D:6      | Killed Pikel
 21145 | D:9      | Killed Harold
 21294 | Orc:1    | Noticed an orc warlord
 21303 | Orc:1    | Killed an orc warlord
 21718 | Orc:2    | Found Roezostra's General Store.
 21726 | Orc:2    | Found Bamnuus's General Store.
 21836 | Orc:2    | Noticed an orc warlord
 21851 | Orc:2    | Killed an orc warlord
 21851 | Orc:2    | Offered knowledge of Iskenderun's Battlesphere by Vehumet.
 21921 | Orc:2    | Learned a level 5 spell: Iskenderun's Battlesphere
 21941 | Orc:2    | Found a staircase to the Elven Halls.
 22054 | Orc:2    | Noticed Azrael
 22061 | Orc:2    | Killed Azrael
 22168 | Orc:2    | Gained mutation: You are clumsy. (Dex -2) [a neqoxec]
 22171 | Orc:2    | Reached skill level 18 in Spellcasting
 22171 | Orc:2    | Reached XP level 15. HP: 90/90 MP: 33/39
 22201 | Orc:2    | Found Jyohez's Book Shop.
 22201 | Orc:2    | Found a one-way gate leading to the halls of Pandemonium.
 22201 | Orc:2    | Found Huzal's Antique Armour Boutique.
 22210 | Orc:2    | Bought a runed helmet for 270 gold pieces
 22225 | Orc:2    | Bought a Young Poisoner's Handbook for 300 gold pieces
 22230 | Orc:2    | Learned a level 4 spell: Olgreb's Toxic Radiance
 22802 | Lair:3   | Acquired 876 gold pieces
 22804 | Lair:3   | Acquired the +3 Elemental Staff {rElec rF+ rC+ AC+3}
 22804 | Lair:3   | Found the +3 Elemental Staff {rElec rF+ rC+ AC+3}
 22806 | Lair:3   | Acquired 761 gold pieces
 23019 | D:2      | Bought a ring of see invisible for 210 gold pieces
 23019 | D:2      | Bought the ring of Greed {rElec rPois rN+ AC+4 Str-2} for
                  | 758 gold pieces
 23457 | Spider:2 | Reached skill level 1 in Staves
 24271 | Spider:3 | Noticed an emperor scorpion
 24280 | Spider:3 | Killed an emperor scorpion
 24451 | Spider:3 | Reached skill level 10 in Fighting
 24669 | Spider:3 | Noticed an emperor scorpion
 24679 | Spider:3 | Killed an emperor scorpion
 24717 | Spider:3 | Reached skill level 19 in Spellcasting
 25534 | Spider:4 | Entered Level 4 of the Spider Nest
 25534 | Spider:4 | Noticed Mara
 25622 | Spider:4 | Killed Mara
 26297 | Spider:4 | Noticed an emperor scorpion
 26316 | Spider:4 | Killed an emperor scorpion
 26368 | Spider:4 | Reached XP level 16. HP: 95/98 MP: 38/41
 26455 | Spider:4 | Offered knowledge of Iron Shot by Vehumet.
 26465 | Spider:4 | Learned a level 6 spell: Iron Shot
 26483 | Spider:4 | Learned a level 3 spell: Vhi's Electric Charge
 26498 | Spider:4 | Reached skill level 10 in Necromancy
 26747 | Spider:4 | Slain by an emperor scorpion

Illustrated notes

Levels and vault maps discovered:
D:1:      sevenhm_arrival_forest_fort_small_3, layout_rooms,
          chequers_serial_rivers_room_b, minmay_misc_feat_five
D:2:      layout_loops_ring, dreamdust_ecumenical_altar_angels_and_demons,
          serial_shops, shop
D:3:      layout_basic, grunt_temple_overflow_open, minmay_misc_feat_iff
D:4:      layout_basic, nicolae_overflow_quartered_altars, serial_shops,
          nicolae_diamond_shop
D:5:      layout_loops_ring, lemuel_doored_altar, minmay_misc_feat_rows,
          dreamdust_wishing_well
D:6:      layout_loops_cross, fedhas_altar_fruit_tree,
          minmay_temple_entry_glass, uniq_pikel, uniq_blork_the_orc
D:7:      layout_basic, uniq_menkaure, uniq_joseph, uniq_crazy_yiuf_cottage
D:8:      layout_basic, nicolae_uskayaw_dance_hall, serial_demonic,
          serial_demonic_d, serial_demonic_a, serial_demonic_c,
          serial_demonic_c, nicolae_diode_quadrants
D:9:      layout_irregular_city, kennysheep_little_box, enter_bailey_4,
          minmay_between, uniq_harold
D:10:     layout_basic, nicolae_ru_awakened_eye
D:11:     layout_rooms, hellmonk_lair_entry_icy, serial_ice, serial_ice_j,
          serial_ice_m, serial_ice_o, serial_ice_c, serial_ice_g, serial_ice_f,
          guppyfry_shop_earth, uniq_psyche, uniq_lodul
D:12:     layout_roguey, nicolae_trove_entry_crossroad
Temple:   compressed_dpeg_circular_temple
Lair:1:   layout_small_grid
Lair:2:   gammafunk_boulding_lane, layout_small_grid, elwin_shoals_entry_rooms
Lair:3:   kb_forest_paths, layout_chaotic_city, spider_nest_entry_rubble
Lair:4:   layout_hall_layers, grunt_megastairs_3, lemuel_fruit_fields,
          uniq_rupert
Lair:5:   guppyfry_lair_end_dragon, layout_misc_corridors, wormcave,
          dpeg_slime_entry_enclosed
Spider:1: layout_spider_delve, nicolae_spider_some_kinda_spiderbox
Spider:2: layout_spider_delve, nicolae_spider_twisty_arc_passages
Spider:3: layout_chambers, nicolae_orb_stairs
Spider:4: grunt_spider_rune_circles, guppyfry_hornet_nest, uniq_mara
Orc:1:    layout_caves
Orc:2:    pf_orc_diabolical, layout_diamond_mine, uniq_azrael

Skill      XL: |  1  2  3  4  5  6  7  8  9 10 11 12 13 14 15 16 |
---------------+-------------------------------------------------+-----
Necromancy     | 5 6 7 8 9 10 | 10.2
Stealth        | 3 4 5 6 7 |  7.2
Dodging        | 3 4 5 6 7 8 9 10 11 | 11.7
Short Blades   | 1 2 3 4 |  4.0
Conjurations   | 1 2 3 4 6 |  6.6
Spellcasting   | 4 5 6 8 10 11 13 15 16 18 19 | 19.5
Throwing       | 1 2 |  2.4
Translocations | 2 3 4 5 6 |  6.3
Ice Magic      | 2 4 5 6 7 |  7.3
Shields        | 1 2 3 |  3.1
Evocations     | 1 |  1.5
Air Magic      | 1 3 4 5 6 7 |  7.1
Fighting       | 3 5 6 7 9 10 | 10.6
Long Blades    | 1 2 |  2.4
Poison Magic   | 3 4 6 7 |  7.2
Transmutations | 2 3 4 |  4.4
Fire Magic     | 3 5 6 7 |  7.0
Earth Magic    | 1 4 5 7 |  7.1
Armour         | 1 3 4 |  4.5
Staves         | 2 3 |  3.0

Action                     |  1- 3 |  4- 6 |  7- 9 | 10-12 | 13-15 | 16-18 || total
---------------------------+-------+-------+-------+-------+-------+-------++-------
  Melee: Short sword       |    36 |       |       |       |       |       ||    36
         Unarmed           |     9 |       |       |       |       |       ||     9
         Rapier            |    32 |       |     1 |    26 |    58 |       ||   117
         Dagger            |    12 |    82 |    50 |       |       |       ||   144
         Punch             |       |     2 |       |       |       |       ||     2
         Scimitar          |       |       |     6 |    89 |    62 |       ||   157
         Staff             |       |       |       |       |     7 |    10 ||    17
  Throw: Dart              |       |     3 |    12 |    29 |       |       ||    44
         Boomerang         |       |       |       |     2 |    12 |       ||    14
   Cast: Magic Dart        |    10 |     1 |       |       |       |       ||    11
         Vampiric Draining |     5 |    14 |    30 |    66 |    38 |    13 ||   166
         Searing Ray       |       |    12 |    54 |    63 |    22 |       ||   151
         Frozen Ramparts   |       |       |     7 |    47 |    48 |     5 ||   107
         Freezing Cloud    |       |       |       |    35 |    46 |     5 ||    86
         Teleport Other    |       |       |       |    23 |       |       ||    23
         Static Discharge  |       |       |       |     1 |     2 |       ||     3
         Poisonous Vapours |       |       |       |    26 |   237 |     8 ||   271
         Mephitic Cloud    |       |       |       |     6 |    30 |       ||    36
         Wereblood         |       |       |       |     5 |    29 |     2 ||    36
         Fireball          |       |       |       |     2 |       |       ||     2
         Ignite Poison     |       |       |       |       |   140 |     2 ||   142
         Lee's Rapid Decon |       |       |       |       |    18 |     1 ||    19
         Sticky Flame      |       |       |       |       |    15 |     5 ||    20
         Olgreb's Toxic Ra |       |       |       |       |    18 |     1 ||    19
  Evoke: Wand              |       |       |     9 |       |       |     1 ||    10
    Use: Scroll            |     1 |       |    10 |    11 |    13 |     3 ||    38
         Potion            |       |       |       |     4 |     2 |     4 ||    10
   Stab: Sleeping          |     5 |     5 |    14 |    18 |     7 |       ||    49
         Distracted        |       |       |     1 |       |     1 |       ||     2
         Confused          |       |       |       |     1 |     7 |       ||     8
 Armour: Robe              |    23 |    12 |    21 |    47 |    15 |       ||   118
         Troll leather arm |       |       |       |       |    79 |    48 ||   127
  Dodge: Dodged            |    54 |    47 |    87 |   154 |   177 |    49 ||   568
  Block: Buckler           |       |       |     2 |    53 |    73 |    20 ||   148
